 Dungeon Crawl Stone Soup version 0.18-a0-884-gb6cfd45 (webtiles) character file.

1073 Duffy the Magician (level 8, -5/41 HPs)
             Began as a Deep Elf Air Elementalist on Dec 22, 2015.
             Slain by a troll (8 damage)
             ... on level 9 of the Dungeon.
             The game lasted 00:08:57 (5287 turns).

Duffy the Magician (Deep Elf Air Elementalist)      Turns: 5287, Time: 00:08:57

Health: -5/41      AC:  7    Str:  5    XL:     8   Next: 7%
Magic:  4/21       EV: 13    Int: 23    God:
Gold:   155        SH:  0    Dex: 15    Spells: 4 memorised, 12 levels left

rFire  + . .     SeeInvis .     (no weapon)
rCold  . . .     Gourm    .     v - +2 robe {rF+}
rNeg   . . .     Faith    .     (no shield)
rPois  .         Spirit   .     (no helmet)
rElec  .         Dismiss  .     (no cloak)
rCorr  .         Reflect  .     (no gloves)
SustAt +         Harm     .     d - +2 pair of boots
MR     .....                    (no amulet)
Stlth  ++........               (no ring)
                                w - ring of sustain attributes

@: very slightly contaminated, repel missiles, not resistant to hostile
enchantments, unstealthy
A: no striking features
a: no special abilities


You were on level 9 of the Dungeon.
You were hungry.

You visited 1 branch of the dungeon, and saw 8 of its levels.
You also visited: Ossuary.

You collected 155 gold pieces.


   Skills:
 - Level 2.4 Dodging
 - Level 2.4 Stealth
 + Level 7.7 Spellcasting
 * Level 6.2 Conjurations
 * Level 6.0 Air Magic


You had 12 spell levels left.
You knew the following spells:

 Your Spells              Type           Power        Failure   Level  Hunger
a - Shock                 Conj/Air       ####         1%          1    None
l - Lightning Bolt        Conj/Air       #####.....   17%         5    #####..
M - Repel Missiles        Chrm/Air       ###...       3%          2    None
W - Swiftness             Chrm/Air       ###.....     3%          2    None

Inventory:

Missiles
 B - a throwing net (quivered)
Armour
 d - a +2 pair of boots (worn)
 v - a +2 robe of fire resistance (worn)
Jewellery
 w - a ring of sustain attributes (left hand)
Scrolls
 e - 2 scrolls of magic mapping
 i - a scroll of recharging {unknown}
 m - a scroll of fear {unknown}
 n - 3 scrolls of enchant weapon
 p - a scroll of enchant armour
 r - 3 scrolls of remove curse
 x - 4 scrolls of teleportation
 C - a scroll of blinking {unknown}
Potions
 a - a potion of lignification {unknown}
 f - 3 potions of agility
 h - a potion of brilliance {unknown}
 j - 3 potions of curing
 l - a potion of magic {unknown}
 o - 3 potions of heal wounds
 q - 2 potions of degeneration
 u - a potion of cancellation {unknown}
 z - 2 potions of cure mutation {unknown}
 A - 4 potions of might
Books
 b - a book of Air
 y - an Akashic Record
Comestibles
 c - 2 bread rations
 k - 4 meat rations
 s - 2 fruits
 t - a slice of pizza

Dungeon Overview and Level Annotations

Branches:
Dungeon (7/15)
 Temple: D:4-7

Altars:
Kikubaaqudgha
Makhleb
Okawaru
Pakellas
Sif Muna

Annotations:
D:3 exclusion: door
D:7 Duffy's ghost, amateur DEWz


Message History

You miscast Lightning Bolt.
You are very lightly contaminated with residual magic.
Smoke pours from your hands! The troll bites you but does no damage.
The troll claws you. The troll claws you but does no damage.
Cast which spell? (? or * to list)
Aiming: Lightning Bolt
Press: ? - help, Shift-Dir - straight line You hear a mighty clap of thunder!
The bolt of lightning hits the troll.
The troll is moderately wounded.
The bolt of lightning misses the troll.
You hear a shout!
The troll bites you! The troll closely misses you. The troll claws you!
Cast which spell? (? or * to list)
Aiming: Lightning Bolt
Press: ? - help, Shift-Dir - straight line You miscast Lightning Bolt.
You feel a strange surge of energy! The troll barely misses you.
The troll closely misses you. The troll misses you.
Cast which spell? (? or * to list)
Aiming: Lightning Bolt
Press: ? - help, Shift-Dir - straight line You hear a mighty clap of thunder!
The bolt of lightning misses the troll.
The bolt of lightning hits the troll.
The troll is moderately wounded.
You are feeling hungry.
The troll closely misses you. The troll claws you. The troll claws you!
All of the chunks of flesh in your inventory have rotted away.
There is an escape hatch in the floor here.
You see here an arrow of flame.
Things that are here:
an uncursed shortbow; 13 arrows of flame The troll bites you but does no damage.
The troll claws you. The troll claws you!
You die...

####### .....0.
### ######## #..
......00 #.#
##################
#.#
#.T(....>......# #
#.#
#@############.# #
#.# #.# #.# # #.#
#.# #.### #.# #.#
#.... #.#######.#
##### #.........#
###########


You could see a troll.

Action                   |  1- 3 |  4- 6 |  7- 9 || total
-------------------------+-------+-------+-------++-------
 Cast: Shock             |    82 |    60 |   111 ||   253
       Lightning Bolt    |       |       |     3 ||     3
       Repel Missiles    |       |       |     1 ||     1
  Use: Scroll            |       |       |    10 ||    10
  Eat: Chunk             |     2 |     5 |     5 ||    12
       Fruit             |       |       |     2 ||     2

Notes
Turn   | Place    | Note
--------------------------------------------------------------
     0 | D:1      | Duffy the Deep Elf Air Elementalist began the quest for the Orb.
     0 | D:1      | Reached XP level 1. HP: 10/10 MP: 6/6
   282 | D:1      | Reached skill level 2 in Conjurations
   282 | D:1      | Reached XP level 2. HP: 15/15 MP: 3/8
   326 | D:1      | Learned a level 2 spell: Repel Missiles
   329 | D:1      | Learned a level 2 spell: Swiftness
   450 | D:1      | Reached skill level 4 in Spellcasting
   764 | D:2      | Reached XP level 3. HP: 19/19 MP: 8/10
  1558 | D:3      | Noticed Grinder
  1581 | D:3      | Paralysed by Grinder for 2 turns
  1591 | D:3      | Killed Grinder
  1591 | D:3      | Reached skill level 5 in Spellcasting
  1591 | D:3      | Reached skill level 3 in Conjurations
  1591 | D:3      | Reached skill level 4 in Air Magic
  1591 | D:3      | Reached XP level 4. HP: 3/24 MP: 1/13
  1591 | D:3      | Reached XP level 5. HP: 3/28 MP: 1/15
  1883 | D:3      | Learned a level 5 spell: Lightning Bolt
  1888 | D:3      | Noticed Sigmund
  1901 | D:3      | Killed Sigmund
  1901 | D:3      | Reached skill level 5 in Conjurations
  1901 | D:3      | Reached XP level 6. HP: 12/32 MP: 8/16
  2204 | D:3      | Found a deep blue altar of Sif Muna.
  2340 | D:3      | Reached skill level 6 in Spellcasting
  2860 | D:4      | Found an iron altar of Okawaru.
  3332 | D:4      | Found an iron altar of Okawaru.
  3335 | D:4      | Found a burning altar of Makhleb.
  3338 | D:4      | Found an ancient bone altar of Kikubaaqudgha.
  3342 | D:4      | Found an oddly glowing altar of Pakellas.
  3355 | D:4      | Reached XP level 7. HP: 36/36 MP: 15/19
  3537 | D:4      | Reached skill level 7 in Spellcasting
  3599 | D:4      | Reached skill level 5 in Air Magic
  3789 | D:5      | Entered Level 5 of the Dungeon
  3800 | D:5      | Found a sand-covered staircase.
  3813 | Ossuary  | Entered an ossuary
  3813 | Ossuary  | Noticed a wraith
  3813 | Ossuary  | Noticed a wraith
  3813 | Ossuary  | Noticed a wraith
  4270 | Ossuary  | Noticed a wraith
  4290 | Ossuary  | Killed a wraith
  4945 | D:5      | You fall through a shaft for 2 floors!
  4964 | D:7      | Noticed Duffy's ghost (amateur DEWz)
  5032 | D:6      | You fall through a shaft for 3 floors!
  5060 | D:9      | Reached skill level 6 in Conjurations
  5060 | D:9      | Reached XP level 8. HP: 22/41 MP: 17/21
  5230 | D:9      | Reached skill level 6 in Air Magic
  5247 | D:9      | Noticed a troll
  5287 | D:9      | Slain by a troll

Vault maps used:
D:1:      ldierk_walled_garden_2
D:3:      led_sif_book, uniq_sigmund, uniq_grinder
D:4:      grunt_temple_overflow_cloverleaf, okawaru_metal_pillars_3
D:5:      temple_green, nicolae_ossuary_entry_false_entrances, first_bread,
          serial_bayou_pond_e
D:6:      yredelemnul_forgotten_temple_becter
D:7:      lemuel_round_altar
Ossuary:  ossuary_due_mausoleum

Vanquished Creatures
  Grinder Sigmund
  A wraith
  An ogre
  An ice beast
  A centaur
  A giant frog
  A scorpion
  2 hounds
  An iguana
  An orc wizard
  A worker ant
  A hound skeleton
  A mummy
  6 adders
  A worm
  3 giant geckos
  5 orcs
  3 bats
  6 giant cockroaches
  6 hobgoblins
  3 jackals
  7 kobolds
  2 quokkas
  2 giant gecko skeletons
  2 giant newts
  5 gnoll skeletons
  2 goblins
  10 kobold skeletons
  10 orc skeletons
  6 rats
  4 toadstools
98 creatures vanquished.
